 Dungeon Crawl Stone Soup version 0.29-a0-96-g93358da72b (webtiles) character file.

Game seed: 3820689615102762129

63 siradein the Firebug (level 3, -3/26 HPs)
             Began as a Draconian Fire Elementalist on Feb 11, 2022.
             Slain by Terence (11 damage)
             ... on level 3 of the Dungeon.
             The game lasted 00:03:51 (2416 turns).

siradein the Firebug (Draconian Fire Elementalist)  Turns: 2416, Time: 00:03:52

Health: -3/26      AC:  5    Str: 10    XL:     3   Next: 89%
Magic:  5/6        EV: 12    Int: 17    God:
Gold:   108        SH:  0    Dex: 11    Spells: 1/7 levels left

rFire   . . .      SeeInvis .   (no weapon)
rCold   . . .      Faith    .   (no shield)
rNeg    . . .      Spirit   .   (armour unavailable)
rPois   .          Reflect  .   (helmet restricted)
rElec   .          Harm     .   (no cloak)
rCorr   .          Rampage  .   (no gloves)
Will    .....                   (no boots)
Stlth   ++........              (no amulet)
HPRegen 0.08/turn               (no ring)
MPRegen 0.10/turn               (no ring)

@: no status effects
A: AC +5, unfitting armour, cold-blooded
a: no special abilities


You were on level 3 of the Dungeon.
You visited 1 branch of the dungeon, and saw 3 of its levels.

You collected 108 gold pieces.

Inventory:

Scrolls
 b - a scroll of vulnerability {unknown}
 c - a scroll of fear {unknown}
 d - a scroll of teleportation {unknown}
Potions
 a - a potion of heal wounds {unknown}
 e - 2 potions of brilliance {unknown}
 f - a potion of berserk rage {unknown}


   Skills:
 + Level 2.4 Dodging
 - Level 1.7 Stealth
 + Level 2.6 Spellcasting
 + Level 2.0 Conjurations
 + Level 3.4 Fire Magic


You had one spell level left.
You knew the following spells:

 Your Spells              Type           Power      Damage    Failure   Level
a - Foxfire               Conj/Fire      44%        2x1d6     6%          1
b - Scorch                Fire           28%        2d6       7%          2
c - Conjure Flame         Conj/Fire      11%        6-21      17%         3

Your spell library contained the following spells:

 Spells                   Type           Power      Damage    Failure   Level
 Animate Skeleton         Necr           4%         N/A       19%         1
 Apportation              Tloc           4%         N/A       19%         1
 Summon Small Mammal      Summ           8%         N/A       19%         1
 Inner Flame              Hex/Fire       8%         N/A       26%         3
 Flame Wave               Conj/Fire      11%        2d5       50%         4


Dungeon Overview and Level Annotations

Branches:
Dungeon (3/15)

Altars:

Annotations:
D:3 Terence


Innate Abilities, Weirdness & Mutations

Your plain brown scales are hard. (AC +5)
You cannot fit into any form of body armour.
You are cold-blooded and may be slowed by cold attacks.


Message History

Casting: Foxfire (safe; 6% risk of failure)
Confirm with . or Enter, or press ? or * to list all spells.
You conjure some foxfire!
Terence barely misses you.
The foxfire hits Terence but does no damage.
Terence is moderately wounded.
The foxfire hits Terence but does no damage.
Terence is moderately wounded.
Terence hits you with a +2 flail of protection!
Casting: Foxfire (safe; 6% risk of failure)
Confirm with . or Enter, or press ? or * to list all spells.
You conjure some foxfire!
Terence hits you with a +2 flail of protection.
The foxfire hits Terence but does no damage.
Terence is moderately wounded.
The foxfire hits Terence.
Terence is heavily wounded.
Terence shouts, "DIE!!!"
Terence shouts, "Now you die!" Terence says, "How do you enjoy it?"
Casting: Foxfire (safe; 6% risk of failure)
Confirm with . or Enter, or press ? or * to list all spells.
You conjure some foxfire!
Terence hits you with a +2 flail of protection!
* * * LOW HITPOINT WARNING * * *
The foxfire hits Terence.
Terence is heavily wounded.
The foxfire hits Terence but does no damage.
Terence is heavily wounded.
Terence closely misses you. Terence misses you. Terence misses you.
Terence barely misses you. Terence closely misses you.
Terence looks scornfully at you. Terence looks scornfully at you.
Casting: Foxfire (safe; 6% risk of failure)
Confirm with . or Enter, or press ? or * to list all spells.
You conjure some foxfire!
Terence hits you with a +2 flail of protection!
You die...

#.# ..# #.# #.#
##########.#
#<.........########
#.#...............#
#.#..#รท##.v.#####.#######
#.#........@@...........#
#.#.........v.###.#####.#
#.>....###..### #.#
###..#####..#####.#
#...............#
#.######'######## #. #...#
#. #.....# #. #.).....#


You could see Terence (ally target).

Vanquished Creatures
  An adder (D:2)
  2 worms (D:2)
  A dart slug (D:1)
  6 bats
  An endoplasm (D:2)
  3 giant cockroaches
  4 goblins
  6 hobgoblins
  3 jackals (D:1)
  3 kobolds
  4 ball pythons
  3 frilled lizards
  7 rats
44 creatures vanquished.

Vanquished Creatures (others)
  128 foxfires
128 creatures vanquished.

Grand Total: 172 creatures vanquished

Notes
Turn   | Place    | Note
-------+----------+-------------------------------------------
     0 | D:1      | siradein the Draconian Fire Elementalist began the quest
                  | for the Orb.
     0 | D:1      | Reached XP level 1. HP: 14/14 MP: 3/3
   319 | D:1      | Reached XP level 2. HP: 20/20 MP: 1/5
   322 | D:1      | Learned a level 2 spell: Scorch
   994 | D:1      | Reached XP level 3. HP: 26/26 MP: 3/6
  1978 | D:2      | Found a faded altar of an unknown god.
  2160 | D:3      | Learned a level 3 spell: Conjure Flame
  2212 | D:3      | Noticed Terence
  2416 | D:3      | Slain by Terence

Illustrated notes

Levels and vault maps discovered:
D:1:      sevenhm_arrival_forest_fort_large_4, layout_basic, minmay_vboxes
D:2:      layout_basic, ebering_ecumenical_altar_mist
D:3:      layout_loops_corners, tso_altar, mainiacjoe_overflow_alcove_4,
          mainiacjoe_overflow_concentric_impassable, minmay_pentomino_pile,
          uniq_terence

Skill      XL: |  1  2  3 |
---------------+----------+-----
Dodging        | 2 |  2.4
Conjurations   | 2 |  2.0
Stealth        | |  1.7
Spellcasting   | |  2.6
Fire Magic     | |  3.4

Action                   || total
-------------------------++-------
Melee: Unarmed           ||    16
       Tailslap          ||     1
 Cast: Foxfire           ||    79
       Scorch            ||     3
Armor: Skin              ||    15
Dodge: Dodged            ||    41

Table legend: (Time is in decaauts)
 A = Elapsed time spent in this place.
 B = Non-inter-level travel time spent in this place.
 C = Inter-level travel time spent in this place.
 D = Time resting spent in this place.
 E = Time spent auto-exploring this place.
 F = Levels seen in this place.
 G = Mean time per level.
                   A        B        C        D        E       F      G
               +--------+--------+--------+--------+--------+-----+--------+
         Total |   2415 |   2346 |     69 |      8 |   1818 |   3 |  805.0 |
       Dungeon |   2415 |   2346 |     69 |      8 |   1818 |   3 |  805.0 |
               +--------+--------+--------+--------+--------+-----+--------+

Top non-repeatable levels by time:
     D:1: 1183 daAuts
     D:2: 971 daAuts
     D:3: 260 daAuts
